 Dungeon Crawl Stone Soup version 0.22-a0-467-g5c5de1c (webtiles) character file.

74 mralvarus the Digger (level 4, -2/27 HPs)
             Began as a Gargoyle Earth Elementalist on June 10, 2018.
             Slain by a goblin (3 damage)
             ... led by Robin
             ... on level 3 of the Dungeon.
             The game lasted 00:11:32 (2805 turns).

mralvarus the Digger (Gargoyle Earth Elementalist)  Turns: 2805, Time: 00:11:32

Health: -2/27      AC:  7    Str: 15    XL:     4   Next: 28%
Magic:  7/7        EV: 12    Int: 17    God:
Gold:   191        SH:  0    Dex: 10    Spells: 2/8 levels left

rFire    . . .     SeeInvis .   a - +1 dagger (venom)
rCold    . . .     Gourm    .   (no shield)
rNeg     + . .     Faith    .   c - +0 robe
rPois    ∞         Spirit   .   (no helmet)
rElec    +         Reflect  .   (no cloak)
rCorr    .         Harm     .   j - +1 pair of gloves
MR       +....                  (no boots)
Stlth    ++........             (no amulet)
HPRegen  0.09/turn              g - ring of protection from magic
MPRegen  0.10/turn              k - +4 ring of strength

@: no status effects
A: negative energy resistance 1, electricity resistance, unbreathing,
petrification resistance, rot immunity, AC +3
a: no special abilities


You were on level 3 of the Dungeon.
You were not hungry.

You visited 1 branch of the dungeon, and saw 3 of its levels.

You collected 191 gold pieces.

Inventory:

Hand Weapons
 a - a +1 dagger of venom (weapon)
 i - a +0 club
Missiles
 b - 128 stones (quivered)
Armour
 c - a +0 robe (worn)
 j - a +1 pair of gloves (worn)
Jewellery
 g - a ring of protection from magic (left hand)
 k - a +4 ring of strength (right hand)
 p - a cursed -3 ring of dexterity {unknown}
Potions
 e - a potion of lignification {unknown}
 f - a potion of haste {unknown}
 l - a potion of heal wounds {unknown}
 n - a potion of resistance {unknown}
Comestibles
 d - 6 rations


   Skills:
 * Level 2.7 Fighting
 - Level 1.5 Dodging
 - Level 2.1 Stealth
 + Level 2.5 Spellcasting
 * Level 0.2 Translocations
 - Level 0.7 Transmutations
 + Level 4.3 Earth Magic


You had 2 spell levels left.
You knew the following spells:

 Your Spells              Type           Power        Failure   Level  Hunger
a - Sandblast             Erth           ###...       3%          1    #......
b - Passwall              Tmut/Erth      ##......     10%         2    ##.....
c - Gell's Gravitas       Tloc           #.........   43%         3    ###....

Your spell library contained the following spells:

 Spells                   Type           Power        Failure   Level  Hunger
 Controlled Blink         Tloc           N/A          100%        8    #######
 Stone Arrow              Conj/Erth      #.....       22%         3    ###....
 Dispersal                Tloc           #.........   100%        6    #######
 Lee's Rapid Deconstruct  Erth           ###.......   63%         5    ######.
 Portal Projectile        Hex/Tloc       #.....       45%         3    ###....
 Petrify                  Tmut/Erth      ##......     54%         4    #####..
 Disjunction              Tloc           #.........   100%        8    #######
 Force Lance              Conj/Tloc      #.......     86%         4    #####..


Dungeon Overview and Level Annotations

Branches:
Dungeon (3/15)

Altars:
Nemelex Xobeh

Annotations:
D:3 Robin


Innate Abilities, Weirdness & Mutations

You are resistant to torment.
Your stone body is resilient. (AC +3)
You are immune to poison.
You resist negative energy. (rN+)
You are resistant to electric shocks. (rElec)
You can survive without breathing.
You are immune to petrification.
You are immune to rotting.


Message History

Robin throws the goblin at you! The goblin hits you.
The goblin barely misses you. The hobgoblin closely misses you.
The goblin hits you but does no damage.
You hit Robin.
Robin looks as sick as possible!
Robin is heavily wounded.
The goblin hits you but does no damage. The goblin hits you with a dagger.
The hobgoblin hits you but does no damage.
You barely miss the goblin. The goblin barely misses you. Robin misses you.
The goblin hits you.
* * * LOW HITPOINT WARNING * * *
The goblin barely misses you. The goblin closely misses you.
A hobgoblin comes into view. It is wielding a club.
As you read the scroll labeled ROPRUC YZOOCH, it crumbles to dust.
It is a scroll of amnesia.
Okay, then.
The hobgoblin hits you with a club!
* * * LOW HITPOINT WARNING * * *
The goblin closely misses you. The goblin hits you but does no damage.
The goblin hits you.
You die...

#####..÷.........
.#######..............#.
...............#...##.#
#######.#......#...# .#
#.#...))(#...# #
#.#...))###### #.......#
######....ggg#
####......####@g#
#.....###.####gg# ####g
#.÷..........#g.#..g...
#......##.##....g.P.g.g
#.....###.####..#..g.P.
#....(###.......#.P....
####.......###### .....
#######.# ####. #.#


You could see Robin, 3 hobgoblins and 4 goblins.

Vanquished Creatures
  An adder (D:2)
  2 oozes (D:1)
  A worm (D:2)
  A dart slug (D:1)
  4 giant cockroaches
  12 goblins
  6 hobgoblins
  4 jackals (D:1)
  4 bats
  3 frilled lizards (D:1)
  3 kobolds
  A leopard gecko skeleton (D:3)
  5 rats
47 creatures vanquished.

Vanquished Creatures (others)
  A withered plant (D:3)
1 creature vanquished.

Grand Total: 48 creatures vanquished

Notes
Turn   | Place    | Note
-------+----------+-------------------------------------------
     0 | D:1      | mralvarus the Gargoyle Earth Elementalist began the quest for the Orb.
     0 | D:1      | Reached XP level 1. HP: 10/10 MP: 3/3
   131 | D:1      | Reached skill level 1 in Fighting
   222 | D:1      | Reached XP level 2. HP: 16/16 MP: 5/5
   781 | D:1      | Reached skill level 4 in Earth Magic
   781 | D:1      | Reached XP level 3. HP: 9/21 MP: 6/6
  1016 | D:1      | HP: 1/21 [jackal (1)]
  2015 | D:2      | Reached XP level 4. HP: 22/27 MP: 7/7
  2519 | D:2      | Found a sparkling altar of Nemelex Xobeh.
  2577 | D:2      | Learned a level 2 spell: Passwall
  2581 | D:2      | Learned a level 3 spell: Gell's Gravitas
  2761 | D:3      | Noticed Robin
  2805 | D:3      | HP: 1/27 [hobgoblin/club[Robin] (7)]
  2805 | D:3      | Slain by a goblin

Vault maps used:
D:1:      lightli_arrival_statuegarden
D:2:      nemelex_xobeh_ov_fountains_minmay, roderic_roman_lattice
D:3:      overflow_temple_1_default, chequers_temple_overflow_statue_of_worship,
          serial_undead, serial_undead_b, serial_undead_d, serial_undead_f,
          serial_undead_a, chequers_ecumenical_altar_simple_redux, first_ration,
          uniq_robin

Skill      XL: |  1  2 |
---------------+-------+-----
Fighting       | 1 2 |  2.7
Earth Magic    | 4 |  4.3
Dodging        | |  1.5
Stealth        | |  2.1
Spellcasting   | |  2.5
Translocations | |  0.2
Transmutations | |  0.7

Action                   |  1- 3 |  4- 6 || total
-------------------------+-------+-------++-------
Melee: Short sword       |   109 |       ||   109
       Unarmed           |     4 |       ||     4
       Dagger            |    26 |    36 ||    62
 Cast: Sandblast         |     6 |       ||     6
  Use: Scroll            |     5 |     4 ||     9
 Stab: Sleeping          |     5 |       ||     5
  Eat: Ration            |     1 |       ||     1
       Chunk             |       |     3 ||     3
Armor: Robe              |    56 |    26 ||    82
Dodge: Dodged            |   120 |    37 ||   157

Table legend:
 A = Spawn XP
 B = Non-spawn XP
 C = Spawn XP percentage of total XP
 D = Spawn monster count
 E = Non-spawn monster count
 F = Spawn count percentage of total count
 G = Total turns spent on level
                    A         B        C        D         E        F      G
               +---------+---------+-------+---------+---------+-------+---------
         Total |       0 |     106 |   0.0 |       0 |      47 |   0.0 |  2805
               +---------+---------+-------+---------+---------+-------+---------
           D:1 |       0 |      61 |   0.0 |       0 |      30 |   0.0 |  1751
           D:2 |       0 |      29 |   0.0 |       0 |       8 |   0.0 |   894
           D:3 |       0 |      16 |   0.0 |       0 |       9 |   0.0 |   160
               +---------+---------+-------+---------+---------+-------+---------
